Unix NetHack Version 5.0.0-0 post-release - last build May 23 2026 06:08:33 (1c0ff79ee797540d5714e4e18072db0edd9e58ae,branch:main).

Game began 2026-05-23 14:53:56, ended 2026-05-23 22:00:15.

ArrBianca, neutral female human Barbarian

                             -----
                             |....#      ---------
           ----------        |...|[      |.......|
           |........|        |...|#      |.......|
           |........|        |...|#      |...F....##########  ------------
           |........|       #....|#      |>......|         ## |..........|
           |......^.|       #-----#      |.......|          ##|..........|
           ---|------       #     #      ----)--|-           #|..........|
              ####        ###   ###          # ##            #.....).....|
                 #       ##      ##          ###              ------------
                 ####    #       ####         ##
               -----.----#        # ###0      ##
               |......).|#        ###  ####@W####
               |........|#          # ----------.--
               |...`.....#          ##|..)........|
               ----.-----            #|0.[).......|
                   ^                 #.).{........|
                                      -------------

ArrBianca the Plunderess   St:18/02 Dx:15 Co:18 In:10 Wi:9 Ch:8  Neutral
Dlvl:11 $:506 HP:0(29) Pw:5(5) AC:10 Xp:2 T:5322 

Latest messages:
 You smite the wraith!
 The wraith drinks a potion of extra healing!
 The wraith looks much better.
 You miss the wraith.
 The wraith touches you!
 You miss the wraith.
 The wraith touches you!
 Goodbye level 6.
 You smite the wraith!
 The wraith touches you!
 Goodbye level 5.
 The quantum mechanic hits!
 Your position suddenly seems very uncertain!
 You materialize in a different location!
 What do you want to use or apply? [bhop or ?*] h
 What do you want to use or apply? [bhop or ?*] h
 There is a staircase up to level 10 here.
 You see here a scimitar.
 You destroy the gnome zombie!
 Welcome back to experience level 5.
 You see here an orcish helm.
 You try to move the boulder, but in vain.
 You miss the wraith.
 The wraith touches you!
 You miss the wraith.
 The wraith touches you!
 You smite the wraith!
 The wraith touches you!
 What do you want to zap? [o or ?*] o
 Nothing happens.
 The wraith touches you!
 You miss the wraith.
 The wraith touches you!
 Goodbye level 5.
 You miss the wraith.
 The wraith touches you!
 Goodbye level 4.
 You miss the wraith.
 The wraith touches you!
 You miss the wraith.
 The wraith touches you!
 You miss the wraith.
 The wraith touches you!
 Goodbye level 3.
 You die...
 Do you want your possessions identified? [ynq] (y) y
 Do you want to see your attributes? [ynq] (y) y
 Do you want an account of creatures vanquished? [ynaq] (y) n
 Do you want to see your conduct and achievements? [ynq] (y) y
 Do you want to see the dungeon overview? [ynq] (y) y

Inventory:
 Coins    ('$')
  $ - 506 gold pieces
 Weapons  (')')
  b - a corroded +0 axe (weapon in right hand)
 Armor    ('[')
  i - an uncursed +0 pair of iron shoes
  T - an uncursed +0 Uruk-hai shield
 Comestibles  ('%')
  e - 2 cursed candy bars labeled "Berry Bar"
  d - 3 uncursed food rations
  R - 2 uncursed tripe rations
  r - an uncursed lichen corpse
 Scrolls  ('?')
  a - an uncursed scroll of blank paper
  Y - an uncursed scroll of confuse monster
 Wands    ('/')
  o - a wand of magic missile (0:0)
 Tools    ('(')
  h - a blessed greased bag of holding containing 23 items
  p - an uncursed tin opener

Contents of the bag of holding:
  a +1 orcish dagger
  an uncursed lichen corpse
  an uncursed spellbook of jumping
  an uncursed spellbook of jumping
  an uncursed spellbook of magic missile
  an uncursed spellbook of wizard lock
  an uncursed potion of water
  an uncursed ring of polymorph control
  an uncursed ring of searching
  an uncursed ring of see invisible
  an uncursed ring of sustain ability
  an uncursed ring of teleport control
  a cursed ring of teleportation
  a wand of teleportation (0:4)
  an uncursed leash
  an uncursed mirror
  an uncursed tin whistle
  an uncursed garnet stone
  an uncursed jet stone
  an uncursed worthless piece of black glass
  an uncursed worthless piece of red glass
  an uncursed worthless piece of violet glass
  an uncursed worthless piece of yellow glass

ArrBianca the Barbarian's attributes:

Background:
 You were a Plunderess, a level 2 female human Barbarian.
 You were neutral, on a mission for Crom
 who was opposed by Mitra (lawful) and Set (chaotic).
 You were right-handed.
 You were in the Dungeons of Doom, on level 11.
 You entered the dungeon 5322 turns ago.
 It was nighttime.
 You had 39 experience points, 1 more was needed to attain level 3.

Basics:
 You had 0 out of 29 hit points.
 You had all 5 energy points (spell power).
 Your armor class was 10.
 Your wallet contained 506 zorkmids.
 Autopickup was on for '$?!/="+%' plus thrown, with exceptions.

Final Characteristics:
 Your strength was 18/02 (limit:18/100).
 Your dexterity was 15 (limit:18).
 Your constitution was 18 (limit:18).
 Your intelligence was 10 (limit:18).
 Your wisdom was 9 (limit:18).
 Your charisma was 8 (limit:18).

Final Status:
 You weren't hungry.
 You were unencumbered.
 You were wielding an axe.
 You had basic skill with axe.
 You weren't wearing any armor.

Final Attributes:
 You were piously aligned.
 You were poison resistant.
 You are dead.

Miscellaneous:
 You didn't encounter any bones levels.
 Total elapsed playing time was 52 minutes and 54 seconds.

Major events:
 Turn
    1: ArrBianca the neutral female human Barbarian entered the dungeon
  562: attained the rank of Pillager (level 3)
 1294: made her first wish - "blessed greased bag of holding", got "a greased bag"
 2955: attained the rank of Bandit (level 6)
 5322: killed by a wraith

Spells:
 Name                 Level Category     Fail Retention
 magic missile          2   attack       100%  76%-100%
 jumping                1   escape        86%  76%-100%

Skills:
 Fighting Skills
   bare handed combat [Basic]
   two weapon combat  [Unskilled]
   riding             [Unskilled]
 Weapon Skills
   dagger             [Unskilled]
   axe                [Basic]
   pick-axe           [Unskilled]
   short sword        [Unskilled]
   broadsword         [Unskilled]
   long sword         [Unskilled]
   two-handed sword   [Basic]
   saber              [Unskilled]
   club               [Unskilled]
   mace               [Unskilled]
   morning star       [Unskilled]
   flail              [Unskilled]
   hammer             [Unskilled]
   quarterstaff       [Unskilled]
   spear              [Unskilled]
   trident            [Unskilled]
   bow                [Unskilled]
 Spellcasting Skills
   attack spells      [Unskilled]
   escape spells      [Unskilled]

Voluntary challenges:
 Character rerolling was not enabled.
 You never genocided any monsters.
 You never polymorphed an object.
 You never changed form.
 You used 1 wish.
 You did not wish for any artifacts.
Achievements:
 You entered a shop.
 You attained the rank of Pillager.
 You attained the rank of Bandit.

 The Dungeons of Doom: levels 1 to 11
    Level 1:
    Level 2:
       A general store, an altar.
    Level 3:
    Level 4:
    Level 5:
    Level 6:
    Level 7:
    Level 8:
    Level 9:
       Some sinks.
    Level 10:
    Level 11: <- You were here.
       A fountain.
       Final resting place for
          you, killed by a wraith.


Vanquished creatures:
  2 small mimics
  a quantum mechanic
  a pyrolisk
  a gargoyle
 an ochre jelly
 an ettin zombie
  a leather golem
  2 giant beetles
 an orc mummy
 an ogre
 an owlbear
  a werewolf
  2 lizards
  a dwarf leader
  a black unicorn
  2 dust vortices
  2 ravens
  3 Uruk-hai
  a rock piercer
  a rock mole
  a gnome leader
  a barrow wight
  a straw golem
  a paper golem
  2 giant ants
  a kitten
  a homunculus
 10 hill orcs
  2 rothes
  a centipede
  3 orc zombies
  a werejackal
 an iguana
  2 acid blobs
  a hobbit
  6 manes
  a giant rat
  a yellow mold
  a green mold
  7 gnomes
  a garter snake
  a gnome zombie
  a gecko
  9 jackals
  2 foxes
  2 kobolds
  3 goblins
  2 sewer rats
  5 grid bugs
  2 bats
  4 lichens
  2 kobold zombies
  3 newts
109 creatures vanquished.

No species were genocided or became extinct.

Game over:
                       ----------
                      /          \
                     /    REST    \
                    /      IN      \
                   /     PEACE      \
                  /                  \
                  |    ArrBianca     |
                  |      506 Au      |
                  |   killed by a    |
                  |      wraith      |
                  |                  |
                  |                  |
                  |       2026       |
                 *|     *  *  *      | *
        _________)/\\_//(\/(/\)/\//\/|_)_______

Goodbye ArrBianca the Barbarian...

You died in The Dungeons of Doom on dungeon level 11 with 6672 points,
and 506 pieces of gold, after 5322 moves.
You were level 2 with a maximum of 29 hit points when you died.

